AoeStats
← 伊夏

Arena

504197608Analyzed
2v2 RM · 29d ago on Sep 4, 2026· 53m 33s· 4 players
Game mode
Random Map
Map size
Medium (4 player)
Population
200
Speed
Normal
Resources
Standard
Victory
Conquest
Starting age
Dark Age
Ending age
Imperial Age
RankedLock teamsTeams togetherTeam positionsShared explorationLock speedFull tech treeHidden civsTurbo modeCheats
Victory
Defeat
🇲🇾 Bohemians · Malaysia
1260
+11
🇲🇾 Poles · Malaysia
1230
+29
1213
-14
🇨🇳 Franks · China
1103
-10
犹豫就会败北
2:18 Loom
10:31 Feudal Age
16:19 Castle Age
14:42 Double-Bit Axe
27:45 Wheelbarrow
26:58 Town Watch
32:30 Imperial Age
31:07 Hand Cart
31:11 Bow Saw
31:31 Gold Mining
33:01 Husbandry
33:10 Scale Barding Armor
33:16 Forging
32:40 Cavalier
33:36 Stone Mining
34:22 Gold Shaft Mining
34:30 Gold Shaft Mining
34:17 Chain Barding Armor
33:48 Fletching
35:20 Murder Holes
35:37 Masonry
35:51 Ballistics
36:18 Paladin
38:00 Conscription
38:56 Plate Barding Armor
39:27 #83
40:07 Iron Casting
40:07 Architecture
40:18 Elite Throwing Axeman
51:37 Light Cavalry
タタールが村に入った5番
5:37 Loom
8:30 Feudal Age
9:07 Double-Bit Axe
15:09 Town Watch
16:58 Horse Collar
22:48 Castle Age
23:33 Wheelbarrow
23:26 Fletching
24:41 Guard Tower
27:20 Bodkin Arrow
28:12 Bow Saw
28:04 Heavy Plow
36:31 Imperial Age
35:19 Masonry
36:08 Stone Mining
36:10 Gold Mining
37:08 Ballistics
38:56 Bracer
40:49 Chemistry
40:36 Padded Archer Armor
42:59 Leather Archer Armor
44:47 Ring Archer Armor
46:03 Pirotechnia
48:38 Conscription
49:40 Elite Genoese Crossbowman
53:30 Hoardings
53:03 Thumb Ring
伊夏
11:01 Feudal Age
12:57 Fletching
19:37 Castle Age
17:28 Loom
17:45 Double-Bit Axe
19:23 Horse Collar
26:26 Bow Saw
27:57 Wheelbarrow
28:04 Heavy Plow
30:16 Hand Cart
34:06 Imperial Age
33:02 Bodkin Arrow
33:07 Padded Archer Armor
32:50 Pikeman
34:40 Leather Archer Armor
33:55 Elite Skirmisher
36:02 Chemistry
35:09 Bracer
36:01 Ring Archer Armor
35:59 Scale Mail Armor
38:13 Chain Mail Armor
37:45 Town Watch
39:45 Halberdier
40:26 Squires
41:56 Ballistics
42:11 Plate Mail Armor
43:42 Forging
46:40 Conscription
49:58 Iron Casting
50:19 Caravan
51:36 Houfnice
jasonchoongjinshen123
10:21 Feudal Age
16:19 Castle Age
14:30 Double-Bit Axe
14:52 Horse Collar
15:23 Gold Mining
16:16 Scale Barding Armor
17:07 Forging
17:18 Bow Saw
20:13 Husbandry
23:13 Heavy Plow
24:09 Wheelbarrow
25:02 Bloodlines
26:16 Stone Mining
27:47 Hand Cart
29:12 Loom
30:51 Stone Shaft Mining
33:13 Imperial Age
33:43 Ballistics
33:24 Fletching
34:24 Chain Barding Armor
33:28 Cavalier
33:58 Town Watch
34:59 Crop Rotation
36:57 Conscription
36:58 Szlachta Privileges
38:01 Town Patrol
40:49 Iron Casting
47:48 Blast Furnace
49:47 Lechitic Legacy
52:53 Hoardings
52:19 Bodkin Arrow
52:24 Padded Archer Armor
53:27 Chemistry
52:13 Arrowslits
Connection lost

Rejoining the realm…

Still unreachable

The connection could not be restored.

Session expired

The server has moved on; the page needs a fresh start.